 Dungeon Crawl Stone Soup version 0.19.5 (webtiles) character file.

1545 Haldmier the Cudgeler (level 8, -2/78 HPs)
             Began as an Ogre Wizard on May 10, 2017.
             Was an Initiate of Ashenzari.
             Slain by a black bear (4 damage)
             ... on level 6 of the Dungeon.
             The game lasted 00:45:10 (10933 turns).

Haldmier the Cudgeler (Ogre Wizard)                Turns: 10933, Time: 00:45:11

Health: -2/78      AC:  3    Str: 15    XL:     8   Next: 87%
Magic:  1/16       EV: 10    Int: 17    God:    Ashenzari [......]
Gold:   447        SH:  0    Dex: 10    Spells: 6 memorised, 4 levels left

rFire  . . .     SeeInvis .     a - +1 mace (crush)
rCold  . . .     Gourm    .     w - +0 robe
rNeg   . . .     Faith    .     (no shield)
rPois  .         Spirit   .     y - +0 hat
rElec  .         Reflect  .     (no cloak)
rCorr  .         Harm     .     (gloves unavailable)
MR     .....                    (boots unavailable)
Stlth  ++........               (no amulet)
                                x - +4 ring of slaying
                                r - +2 ring of strength

@: very slightly contaminated
A: unfitting armour, tough skin 1
a: Curse Item, Renounce Religion


You were on level 6 of the Dungeon.
You worshipped Ashenzari.
Ashenzari was noncommittal.
You were not hungry.

You visited 2 branches of the dungeon, and saw 7 of its levels.

You collected 447 gold pieces.

Inventory:

Hand Weapons
 a - a +1 mace of crushing (weapon)
 b - a +0 trident
 q - a +0 flail of protection
 s - a +1 hunting sling of flaming
Armour
 w - a +0 robe (worn)
 y - a +0 hat (worn)
Jewellery
 r - a +2 ring of strength (left hand)
 x - a +4 ring of slaying (right hand)
Wands
 A - a wand of iceblast (11/15)
Scrolls
 e - 5 scrolls of identify
 f - a scroll of amnesia {unknown}
 i - 2 scrolls of remove curse
 k - a scroll of magic mapping {unknown}
 m - a scroll of teleportation {unknown}
 p - 3 scrolls of noise {unknown}
 t - a scroll of recharging {unknown}
 v - a scroll of random uselessness {unknown}
 z - a scroll of fog {unknown}
Potions
 g - a potion of haste
 o - a potion of flight
 B - a potion of heal wounds
Books
 c - a book of Minor Magic

   Spells                             Type                      Level
   a - Magic Dart                     Conjuration                  1
   b - Blink                          Translocation                2
   c - Call Imp                       Summoning                    2
   d - Repel Missiles                 Charms/Air                   2
   e - Slow                           Hexes                        2
   f - Conjure Flame                  Conjuration/Fire             3
   g - Mephitic Cloud                 Conjuration/Poison/Air       3
 h - a book of Battle

   Spells                             Type                      Level
   a - Infusion                       Charms                       1
   b - Shroud of Golubria             Charms/Translocation         2
   c - Song of Slaying                Charms                       2
   d - Spectral Weapon                Hexes/Charms                 3
   e - Regeneration                   Charms/Necromancy            3
Comestibles
 d - 7 bread rations
 j - 3 meat rations
 l - a fruit
 n - 3 beef jerkies
 u - 6 chunks of flesh


   Skills:
 + Level 4.2 Fighting
 * Level 5.9 Maces & Flails
 + Level 3.0 Dodging
 - Level 1.4 Stealth
 + Level 5.4 Spellcasting
 + Level 2.5 Conjurations
 + Level 1.7 Charms
 + Level 2.0 Summonings
 - Level 2.0 Translocations
 + Level 1.6 Fire Magic
 + Level 1.9 Air Magic
 + Level 2.0 Poison Magic


You had 4 spell levels left.
You knew the following spells:

 Your Spells              Type           Power        Failure   Level  Hunger
a - Magic Dart            Conj           ##..         6%          1    None
b - Blink                 Tloc           N/A          12%         2    #......
c - Call Imp              Summ           ##......     12%         2    #......
d - Conjure Flame         Conj/Fire      ##......     21%         3    ##.....
e - Mephitic Cloud        Conj/Pois/Air  ##......     17%         3    ##.....
f - Repel Missiles        Chrm/Air       ##....       12%         2    #......


Dungeon Overview and Level Annotations

Branches:
Dungeon (6/15)             Temple (1/1) D:5

Altars:
Ashenzari
Dithmenos
Elyvilon
Fedhas
Gozag
Kikubaaqudgha
Makhleb
Nemelex Xobeh
Okawaru
Qazlal
Ru
Sif Muna
Uskayaw
Xom
Zin
The Shining One


Innate Abilities, Weirdness & Mutations

You are too large for most types of armour.
You have tough skin. (AC +1)


Message History

Confirm with . or Enter, or press ? or * to list all spells.
You don't have enough magic to cast that spell.
You hear an angry growl.
The crimson imp blinks!
The crimson imp blinks!
The black bear bites you.
* * * LOW HITPOINT WARNING * * *
The black bear claws you.
* * * LOW HITPOINT WARNING * * *
The black bear claws you.
* * * LOW HITPOINT WARNING * * *
There is a stone staircase leading up, spattered with blood here.
You take 9 damage, and have 8/78 hp.
Casting: Blink
Confirm with . or Enter, or press ? or * to list all spells.
You miscast Blink.
The floor and the ceiling briefly switch places.
The black bear bites you.
* * * LOW HITPOINT WARNING * * *
The black bear barely misses you. The black bear claws you.
You die...

.#####...>.....#...# #
####.##.......####
#§###.........# #.#
##........# ####
##.####........#
.....##..§....>...)..#
.....................#
#.............##..#
####....<...@###^##
.....5.§...h#...#
........##.##.###
..###[.###....# ...
#...# #..###
####...#.###..#
#.###.h....# ..!
#..##...# ...
#..##...#


You could see a black bear (berserk) and a crimson imp.

Vanquished Creatures
  Grinder (D:4)
  2 ice beasts
  An ogre (D:4)
  A scorpion (D:4)
  A howler monkey (D:6)
  3 crimson imps (D:5)
  A bullfrog zombie (D:5)
  3 hounds
  4 orc priests
  2 gnoll shamans (D:4)
  A jelly (D:4)
  2 orc wizards
  3 worker ants
  A hound zombie (D:5)
  10 gnolls
  A howler monkey skeleton (D:4)
  16 adders
  A shadow imp (D:5)
  An ooze (D:1)
  4 worms (D:4)
  6 dart slugs
  17 orcs
  4 ball pythons
  7 bats
  12 giant cockroaches
  7 goblins
  9 hobgoblins
  25 jackals
  7 quokkas
  3 frilled lizards
  14 kobolds
  A leopard gecko skeleton (D:5)
  A quokka skeleton (D:5)
  16 rats
188 creatures vanquished.

Vanquished Creatures (collateral kills)
  A hound skeleton (D:4)
  2 adders (D:3)
  3 giant cockroaches
  2 jackals (D:2)
8 creatures vanquished.

Grand Total: 196 creatures vanquished

Notes
Turn   | Place    | Note
-------+----------+-------------------------------------------
     0 | D:1      | Haldmier the Ogre Wizard began the quest for the Orb.
     0 | D:1      | Reached XP level 1. HP: 16/16 MP: 5/5
   308 | D:1      | Reached skill level 1 in Conjurations
   308 | D:1      | Reached XP level 2. HP: 23/24 MP: 2/7
   361 | D:1      | Learned a level 2 spell: Blink
   364 | D:1      | Learned a level 2 spell: Call Imp
   888 | D:1      | Reached skill level 1 in Fighting
  1024 | D:1      | Reached XP level 3. HP: 23/33 MP: 1/8
  1305 | D:1      | Learned a level 3 spell: Mephitic Cloud
  2347 | D:2      | Reached XP level 4. HP: 15/41 MP: 3/10
  2909 | D:2      | Reached skill level 1 in Translocations
  2960 | D:2      | Found a burning altar of Makhleb.
  2960 | D:2      | Noticed a blizzard demon
  2963 | D:2      | Noticed a ynoxinul
  2963 | D:2      | Noticed a ynoxinul
  3007 | D:2      | Reached skill level 1 in Maces & Flails
  3290 | D:2      | Reached XP level 5. HP: 41/48 MP: 6/11
  3861 | D:2      | Learned a level 3 spell: Conjure Flame
  4414 | D:3      | Reached skill level 1 in Poison Magic
  4756 | D:3      | Learned a level 2 spell: Repel Missiles
  4991 | D:3      | Reached XP level 6. HP: 46/57 MP: 9/12
  5792 | D:4      | Reached skill level 1 in Summonings
  5956 | D:4      | HP: 2/57 [gnoll/whip (8)]
  5962 | D:5      | Entered Level 5 of the Dungeon
  6587 | D:4      | Reached skill level 1 in Air Magic
  6979 | D:4      | Noticed Grinder
  7133 | D:5      | Reached XP level 7. HP: 50/66 MP: 6/14
  7424 | D:4      | Reached skill level 1 in Fire Magic
  7887 | D:4      | Reached skill level 1 in Charms
  8781 | D:4      | Reached XP level 8. HP: 11/75 MP: 1/15
  9122 | D:5      | Reached skill level 5 in Spellcasting
  9146 | D:5      | Found a staircase to the Ecumenical Temple.
  9155 | Temple   | Entered the Ecumenical Temple
  9273 | Temple   | Became a worshipper of Ashenzari the Shackled
  9756 | D:5      | Reached skill level 5 in Maces & Flails
 10142 | D:4      | Killed Grinder
 10845 | D:6      | Found an iron altar of Okawaru.
 10933 | D:6      | HP: 2/78 [black bear (6)]
 10933 | D:6      | Slain by a black bear

Skill      XL: |  1  2  3  4  5  6  7  8 |
---------------+-------------------------+-----
Spellcasting   | 4 5 |  5.4
Conjurations   | 1 2 |  2.5
Fighting       | 1 2 3 4 |  4.2
Dodging        | 2 3 |  3.0
Translocations | 1 2 |  2.0
Maces & Flails | 1 2 3 4 5 |  5.9
Poison Magic   | 1 2 |  2.0
Summonings     | 1 2 |  2.0
Air Magic      | 1 |  1.9
Fire Magic     | 1 |  1.6
Charms         | 1 |  1.7
Stealth        | |  1.4

Action                   |  1- 3 |  4- 6 |  7- 9 || total
-------------------------+-------+-------+-------++-------
Melee: Unarmed           |    23 |       |       ||    23
       Short sword       |    45 |       |       ||    45
       Mace              |    34 |   221 |   166 ||   421
       Halberd           |       |       |    24 ||    24
       Trident           |       |       |    55 ||    55
 Cast: Magic Dart        |    97 |   193 |    84 ||   374
       Call Imp          |     2 |    11 |     4 ||    17
       Mephitic Cloud    |       |    12 |    11 ||    23
       Conjure Flame     |       |     5 |    16 ||    21
       Blink             |       |     1 |     5 ||     6
  Use: Potion            |       |     1 |       ||     1
       Scroll            |       |       |     6 ||     6
 Stab: Sleeping          |     1 |       |       ||     1
       Confused          |       |     2 |     7 ||     9
  Eat: Chunk             |     4 |    17 |    12 ||    33
       Royal jelly       |       |       |     1 ||     1
       Fruit             |       |       |     2 ||     2
Armor: Robe              |    49 |    74 |    41 ||   164
Dodge: Dodged            |    67 |   200 |   107 ||   374
